 Dungeon Crawl Stone Soup version 0.30-a0-793-g160f7cfddd (webtiles) character file.

Game seed: 564083067438223458

877 kingofthe the Conjurer (level 7, -6/36 HPs)
             Began as a Deep Elf Conjurer on Feb 19, 2023.
             Mangled by Duvessa
             ... wielding a +2 vampiric rapier
              (11 damage)
             ... on level 4 of the Dungeon.
             The game lasted 00:16:57 (4946 turns).

kingofthe the Conjurer (Deep Elf Conjurer)          Turns: 4946, Time: 00:16:57

Health: -6/36      AC:  4    Str:  4    XL:     7   Next: 75%
Magic:  11/17      EV: 14    Int: 23    God:
Gold:   190        SH:  0    Dex: 15    Spells: 7/17 levels left

rFire   . . .      SeeInvis .    o - +1 whip (drain)
rCold   . . .      Faith    .    (no shield)
rNeg    . . .      Spirit   .    a - +0 robe
rPois   .          Reflect  .    B - +0 helmet
rElec   .          Harm     .    (no cloak)
rCorr   +          Rampage  +    h - +0 pair of gloves
Will    .....                    (no boots)
Stlth   +++                      p - amulet "Ede Ditequ" {RegenMP Rampage Slay+3}
HPRegen 0.26/turn                R - ring of resist corrosion
MPRegen 0.55/turn                (no ring)

@: no status effects
A: no striking features
a: no special abilities


You were on level 4 of the Dungeon.
You visited 1 branch of the dungeon, and saw 4 of its levels.
You also visited: Ossuary.

You collected 190 gold pieces.


   Skills:
 * Level 5.9 Dodging
 + Level 4.8 Stealth
 + Level 5.8 Spellcasting
 + Level 5.9 Conjurations
 * Level 5.2 Hexes


You had 7 spell levels left.
You knew the following spells:

 Your Spells              Type           Power      Damage    Failure   Level
a - Magic Dart            Conj           100%       1d8       1%          1
b - Searing Ray           Conj           68%        2d6       1%          2
d - Dazzling Flash        Conj/Hex       64%        N/A       2%          3
f - Fulminant Prism       Conj/Hex       16%        3d10      9%          4

Your spell library contained the following spells:

 Spells                   Type           Power      Damage    Failure   Level
 Apportation              Tloc           12%        N/A       9%          1
 Iskenderun's Mystic Bla  Conj/Tloc      20%        2d6       26%         4
 Alistair's Intoxication  Tmut/Pois      4%         N/A       94%         5
 Starburst                Conj/Fire      10%        6d5       98%         6

Inventory:

Hand Weapons
 o - a +1 whip of draining (weapon)
 D - a +1 flail of protection
Armour
 a - a +0 robe (worn)
 h - a +0 pair of gloves (worn)
 r - an orb of mayhem
 z - a +2 ring mail of cold resistance
 B - a +0 helmet (worn)
Magical Staves
 k - a staff of poison {!a!a}
Jewellery
 p - the amulet "Ede Ditequ" (around neck) {RegenMP Rampage Slay+3}
   (You found it on level 3 of the Dungeon)

   [amulet of magic regeneration]

   It increases your rate of magic regeneration.
   Slay:      It affects your accuracy & damage with ranged weapons and melee
   (+3).
   Rampage:   It bestows one free step when moving towards enemies.
 R - a ring of resist corrosion (left hand)
Wands
 y - a wand of polymorph (7)
Scrolls
 f - 2 scrolls of identify {@r1@r1}
 i - 2 scrolls of teleportation {@r2@r2}
 l - 2 scrolls of poison
 m - a scroll of magic mapping {unknown}
 n - a scroll of immolation
 q - a scroll of vulnerability {unknown}
 t - 2 scrolls of torment {unknown}
 u - a scroll of silence {unknown}
 v - a scroll of amnesia {unknown}
 A - 2 scrolls of enchant armour {unknown}
 C - a scroll of blinking {unknown}
Potions
 b - 2 potions of magic
 c - a potion of lignification
 d - a potion of degeneration {unknown}
 e - a potion of attraction {unknown}
 g - 3 potions of haste {@q3@q3}
 j - a potion of heal wounds {@q2@q2}
 s - a potion of resistance {unknown}
 w - a potion of curing {unknown}
 x - a potion of brilliance {unknown}

Dungeon Overview and Level Annotations

Branches:
Dungeon (4/15)            Ossuary (visited)
 Temple: D:4-7

Altars:
The Shining One

Annotations:
D:4 1 runed translucent door, Duvessa; Octodad's ghost, amateur OpTm

......#.#..#.......#..# #.#
#######.#..#.###.####.# #.# #
#####.####.# #.# #.# #.#
#.......)..# #.# #.# #.#
#.########## #.####.####.#
#.########## #....#......#
#..........# ####.############
#..........###..#.#..........#
#..........'..@e......$..?.g#
#.........)######...#.#....
###.....)....# .........#
.............# ####.#.:<.#
###..........# ......##$#
#..........# ###.#.# ...
##....)....# # #.# ##.#
#.........# . .# ########### #


You could see Duvessa (berserk, blind).


Message History

You don't know that spell.
Casting: Searing Ray (safe; 1% risk of failure)
Confirm with . or Enter, or press ? or * to list all spells.
Casting: Dazzling Flash (dangerous; 2% risk of failure)
Press: ? - help, Dir - look around, f - activate Look: Duvessa, wielding a +2 vampiric rapier and wearing a +0 ring mail (lightly wounded, berserk, chance to dazzle: 66%) Duvessa is dazzled.
Duvessa rages.
You now have 13/17 mp.
Casting: Dazzling Flash (dangerous; 2% risk of failure)
Confirm with . or Enter, or press ? or * to list all spells.
Aiming: Searing Ray (safe; 1% risk of failure)
Press: ? - help, Shift-Dir - straight line, f/p - Duvessa
Aim: Duvessa, wielding a +2 vampiric rapier and wearing a +0 ring mail (lightly wounded, berserk, blind, 86% to hit)
The searing ray misses Duvessa. (Press . to maintain the ray.) Duvessa hits you with a +2 vampiric rapier.
Duvessa draws strength from your wounds!
You take 5 damage, and have 31/36 hp.
You now have 12/17 mp.
The searing ray hits Duvessa!
Duvessa is lightly wounded.
Duvessa hits you with a +2 vampiric rapier!
Duvessa hits you with a +2 vampiric rapier!!
Ouch! That really hurt!
* * * LOW HITPOINT WARNING * * *
Duvessa draws strength from your wounds!
You take 26 damage, and have 5/36 hp.
MASSIVE DAMAGE!!
You now have 11/17 mp.
The searing ray misses Duvessa.
Duvessa hits you with a +2 vampiric rapier!
You die...

Skill      XL: |  1  2  3  4  5  6  7 |
---------------+----------------------+-----
Spellcasting   | 4 5 |  5.8
Dodging        | 3 4 5 |  5.9
Stealth        | 3 4 |  4.8
Conjurations   | 5 |  5.9
Hexes          | 1 2 3 5 |  5.2

Action                     |  1- 3 |  4- 6 |  7- 9 || total
---------------------------+-------+-------+-------++-------
   Cast: Magic Dart        |    48 |    86 |     8 ||   142
         Searing Ray       |    12 |    36 |     8 ||    56
         Dazzling Flash    |       |       |     1 ||     1
    Use: Scroll            |       |     5 |       ||     5
 Armour: Robe              |     1 |     3 |     1 ||     5
  Dodge: Dodged            |     2 |    20 |     6 ||    28

Levels and vault maps discovered:
D:1:      amcnicky_arrival_single_pillar, layout_basic, serial_glass,
          glass_columns_a, glass_columns_a, reono_crystal_passage
D:2:      layout_loops_ring
D:3:      layout_loops_ring, nicolae_tso_swordbearing_angel,
          ebering_ecumenical_altar_mist, kennysheep_generic_room_13
D:4:      layout_basic, nicolae_ossuary_entry_catacombs,
          ebering_ghost_inner_flame, uniq_edmund, uniq_duvessa, uniq_ijyb,
          uniq_grinder, uniq_blork_the_orc, uniq_robin

Notes
Turn   | Place    | Note
-------+----------+-------------------------------------------
     0 | D:1      | kingofthe the Deep Elf Conjurer began the quest for the
                  | Orb.
     0 | D:1      | Reached XP level 1. HP: 10/10 MP: 6/6
   249 | D:1      | Reached skill level 4 in Spellcasting
   249 | D:1      | Reached XP level 2. HP: 15/15 MP: 3/9
   314 | D:1      | Learned a level 2 spell: Searing Ray
  1167 | D:2      | Reached XP level 3. HP: 19/19 MP: 5/10
  1245 | D:2      | Reached skill level 3 in Dodging
  1611 | D:2      | Reached skill level 3 in Stealth
  2015 | D:3      | Reached XP level 4. HP: 24/24 MP: 9/12
  2212 | D:3      | Found a faded altar of an unknown god.
  2442 | D:3      | Reached skill level 5 in Conjurations
  2616 | D:3      | Found a glowing golden altar of the Shining One.
  2761 | D:3      | Identified the amulet "Ede Ditequ" {RegenMP Rampage Slay+3}
  3019 | D:4      | Noticed Grinder
  3065 | D:4      | Noticed Duvessa
  3065 | D:4      | Noticed Dowan
  3072 | D:3      | Learned a level 3 spell: Dazzling Flash
  3134 | D:4      | Found a runed translucent door.
  3142 | D:4      | Noticed Octodad's ghost (amateur OpTm)
  3270 | D:4      | Reached skill level 1 in Hexes
  3270 | D:4      | Reached XP level 5. HP: 21/28 MP: 5/14
  3290 | D:4      | Reached skill level 4 in Dodging
  3290 | D:4      | Reached skill level 2 in Hexes
  3375 | D:4      | Found a sand-covered staircase.
  3383 | Ossuary  | Entered an ossuary
  3396 | Ossuary  | Reached skill level 5 in Spellcasting
  3445 | Ossuary  | Reached XP level 6. HP: 32/32 MP: 13/15
  3473 | Ossuary  | Learned a level 4 spell: Fulminant Prism
  3641 | D:4      | Reached skill level 3 in Hexes
  3714 | D:4      | Noticed Ijyb
  3723 | D:4      | Killed Ijyb
  3724 | D:4      | Reached skill level 4 in Stealth
  3883 | D:4      | Noticed Robin
  3888 | D:4      | Killed Robin
  4099 | D:4      | Noticed Blork the orc
  4109 | D:4      | Killed Blork the orc
  4110 | D:4      | Reached skill level 5 in Dodging
  4293 | D:4      | Reached XP level 7. HP: 36/36 MP: 12/17
  4350 | D:4      | Noticed Edmund
  4403 | D:4      | Killed Grinder
  4404 | D:4      | Reached skill level 4 in Hexes
  4480 | D:4      | Killed Edmund
  4481 | D:4      | Reached skill level 5 in Hexes
  4896 | D:4      | Killed Dowan
  4946 | D:4      | Mangled by Duvessa

Vanquished Creatures
  Grinder (D:4)
  Edmund (D:4)
  Blork the orc (D:4)
  3 elf skeletons (D:4)
  Dowan (D:4)
  A hound (D:4)
  Ijyb (D:4)
  A human skeleton (D:4)
  3 mummies (Ossuary)
  Robin (D:4)
  3 gnolls (D:4)
  2 adders (D:2)
  An ufetubus (D:4)
  2 adder zombies (Ossuary)
  A worm (D:2)
  6 orcs
  3 endoplasms
  7 giant cockroaches
  9 goblins
  10 hobgoblins
  5 jackals
  2 kobolds
  3 quokkas
  9 ball pythons
  5 bats
  2 frilled lizards
  2 goblin zombies (Ossuary)
  4 hobgoblin zombies (Ossuary)
  A kobold zombie (Ossuary)
  2 orc skeletons (D:4)
  5 quokka zombies (Ossuary)
  5 rats
  4 rat zombies (Ossuary)
107 creatures vanquished.

Table legend: (Time is in decaauts)
 A = Elapsed time spent in this place.
 B = Non-inter-level travel time spent in this place.
 C = Inter-level travel time spent in this place.
 D = Time resting spent in this place.
 E = Time spent auto-exploring this place.
 F = Levels seen in this place.
 G = Mean time per level.
                   A        B        C        D        E       F      G
               +--------+--------+--------+--------+--------+-----+--------+
         Total |   4944 |   4673 |    271 |    394 |   3443 |   5 |  988.8 |
       Dungeon |   4700 |   4429 |    271 |    323 |   3439 |   4 | 1175.0 |
       Ossuary |    244 |    244 |      0 |     71 |      4 |   1 |  244.0 |
               +--------+--------+--------+--------+--------+-----+--------+

Top non-repeatable levels by time:
     D:4: 1584 daAuts
     D:1: 1104 daAuts
     D:3: 1103 daAuts
     D:2: 908 daAuts
 Ossuary: 244 daAuts

Table legend:
 A = Non-vault XP
 B = Vault XP
 C = Vault XP percentage of total XP
 D = Non-vault monster count
 E = Vault monster count
 F = Vault count percentage of total count
                 A         B        C        D         E       F
            +---------+---------+-------+---------+---------+-------
      Total |     233 |    1020 |  81.4 |      65 |      42 |  39.3
            +---------+---------+-------+---------+---------+-------
        D:1 |      34 |       0 |   0.0 |      21 |       0 |   0.0
        D:2 |      61 |       0 |   0.0 |      19 |       0 |   0.0
        D:3 |      29 |       3 |   9.4 |      14 |       2 |  12.5
        D:4 |     109 |     937 |  89.6 |      11 |      19 |  63.3
    Ossuary |       0 |      80 | 100.0 |       0 |      21 | 100.0
            +---------+---------+-------+---------+---------+-------
